[Event "ICC tourney 1934 (60 10)"]
[Site "Internet Chess Club"]
[Date "2020.07.26"]
[Round "6"]
[White "imranchamp"]
[Black "skywise"]
[Result "1/2-1/2"]
[ICCResult "Game drawn by mutual agreement"]
[WhiteElo "1495"]
[BlackElo "1572"]
[Opening "Van't Kruijs opening"]
[ECO "A00"]
[Time "14:03:21"]
[TimeControl "3600+10"]

1. e3 e5 2. d4 exd4 3. exd4 Nf6 4. Nf3 g6 5. Nc3 Bg7 6. Qe2+ Qe7 7. Qxe7+
Kxe7 8. Bc4 d6 9. O-O Re8 10. Re1+ Kf8 11. Rxe8+ Nxe8 12. Be3 Nc6 13. a3 f5
14. Rd1 Nf6 15. h3 Bd7 16. Nd5 Nxd5 17. Bxd5 h6 18. c3 Re8 19. Re1 Nd8 20.
Nh4 Be6 21. Nxg6+ Kf7 22. Bxe6+ Nxe6 23. Nh4 f4 24. Bd2 Bf6 25. Nf3 c6 26.
Re4 Bg5 27. Kf1 Kf6 28. h4 Kf5 29. Rxe6 Rxe6 30. hxg5 hxg5 31. d5 Rh6 32.
dxc6 bxc6 33. Ke2 c5 34. g3 Re6+ 35. Kf1 Kg4 {Game drawn by mutual
agreement} 1/2-1/2

[Event "ICC tourney 1934 (60 10)"]
[Site "Internet Chess Club"]
[Date "2020.07.26"]
[Round "6"]
[White "mancogu"]
[Black "saanvichess"]
[Result "1-0"]
[ICCResult "Black checkmated"]
[WhiteElo "1295"]
[BlackElo "1303"]
[Opening "French: exchange variation"]
[ECO "C01"]
[NIC "FR.01"]
[Time "14:03:00"]
[TimeControl "3600+10"]

1. e4 e6 2. d4 d5 3. exd5 exd5 4. Bd3 Nc6 5. Nf3 Bd6 6. c3 Nge7 7. O-O O-O
8. Bg5 f6 9. Bh4 Bf5 10. Re1 Qd7 11. Bg3 Rae8 12. Bxd6 Qxd6 13. Na3 a6 14.
Nc2 Qf4 15. Ne3 Bxd3 16. Qxd3 Nd8 17. Re2 c6 18. Rae1 Ng6 19. Nxd5 Rxe2 20.
Nxf4 Rxe1+ 21. Nxe1 Nxf4 22. Qd2 Nd5 23. g3 Ne6 24. Nc2 Rd8 25. Ne3 Ng5 26.
Kg2 c5 27. Nxd5 Rxd5 28. Qe2 Kf7 29. Qc4 Ke6 30. f4 Ne4 31. dxc5 Nxc5 32. b4
Nd7 33. Qe4+ Kd6 34. Qxh7 a5 35. bxa5 Rd2+ 36. Kf3 Rxa2 37. Qd3+ Ke7 38. Qb5
Rxh2 39. Qxb7 Ra2 40. a6 Kd8 41. a7 Rxa7 42. Qxa7 Ke7 43. c4 Kd6 44. Qd4+
Ke7 45. c5 Nb8 46. Qd6+ Kf7 47. Qxb8 g5 48. c6 g4+ 49. Ke3 f5 50. c7 Kg7 51.
c8=Q Kh6 52. Qh8+ Kg6 53. Qd6+ Kf7 54. Qdf6# {Black checkmated} 1-0

[Event "ICC tourney 1934 (60 10)"]
[Site "Internet Chess Club"]
[Date "2020.07.26"]
[Round "6"]
[White "chesslin"]
[Black "AkshatSuresh"]
[Result "1-0"]
[ICCResult "Black checkmated"]
[WhiteElo "1771"]
[BlackElo "1542"]
[Opening "Queen's pawn: London system"]
[ECO "A45"]
[NIC "QP.07"]
[Time "14:03:05"]
[TimeControl "3600+10"]

1. d4 Nf6 2. Bf4 e6 3. e3 d5 4. Nd2 Be7 5. Bd3 b6 6. Qe2 Bb7 7. Ngf3 O-O 8.
Ne5 Nbd7 9. Qf3 a6 10. a4 c5 11. c3 Re8 12. g4 Nxe5 13. Bxe5 g6 14. h4 Nd7
15. Bg3 Rc8 16. h5 Rf8 17. hxg6 fxg6 18. Bf4 Rf7 19. Qh3 Nf8 20. Nf3 Bf6 21.
Ne5 Bxe5 22. Bxe5 c4 23. Bc2 Bc6 24. Qh6 Ra7 25. Ke2 Qd7 26. Rh3 Re8 27. Rf3
Qc8 28. Rh1 Ree7 29. Rhh3 Rf7 30. Rxf7 Rxf7 31. Bxg6 Ra7 32. Bxh7+ Rxh7 33.
Qg5+ Kf7 34. Rxh7+ Nxh7 35. Qg7+ Ke8 36. Qxh7 Bxa4 37. Bf6 Bd1+ 38. Kxd1 Qd8
39. Qg8+ Kd7 40. Qxd8+ Kc6 41. Be5 Kb5 42. Qd7+ Ka5 43. Qd6 b5 44. Qc5 Ka4
45. Qb4# {Black checkmated} 1-0

[Event "ICC tourney 1934 (60 10)"]
[Site "Internet Chess Club"]
[Date "2020.07.26"]
[Round "6"]
[White "krishghosh"]
[Black "Aqualime"]
[Result "1-0"]
[ICCResult "Black resigns"]
[WhiteElo "1401"]
[BlackElo "1374"]
[Opening "Dutch"]
[ECO "A80"]
[NIC "HD.12"]
[Time "14:03:07"]
[TimeControl "3600+10"]

1. d4 f5 2. Bf4 Nf6 3. Nd2 g6 4. Ngf3 Bg7 5. e3 O-O 6. Bc4+ d5 7. Bd3 e6 8.
h3 b6 9. c3 Nbd7 10. O-O Bb7 11. Ne5 Nxe5 12. Bxe5 Rc8 13. Qb3 c5 14. dxc5
Rxc5 15. Bd4 Rc8 16. Rac1 Qd6 17. c4 Rf7 18. Nf3 Qd8 19. Rc2 Rfc7 20. Rfc1
Qe7 21. c5 bxc5 22. Rxc5 Rxc5 23. Rxc5 Rxc5 24. Bxc5 Qxc5 25. Qxb7 Qb6 26.
Qc8+ Bf8 27. Ng5 e5 28. Ne6 Qd6 29. Nxf8 Qxf8 30. Qe6+ Kg7 31. Qxe5 Qb4 32.
Qc7+ Kh6 33. Qxa7 Qe1+ 34. Kh2 Qxf2 35. Qd4 Nh5 36. Qc3 Qxe3 37. Bb5 Qf2 38.
a4 d4 39. Qa3 Nf6 40. a5 Ne4 41. a6 Qf4+ 42. Kg1 Qc1+ 43. Kh2 Qf4+ 44. Kg1
Qc1+ 45. Bf1 Nd2 46. Qf8+ Kh5 47. g4+ Kg5 48. Qd8+ Kh6 49. Qf8+ Kg5 50. Qe7+
Kf4 51. Qe2 Nf3+ 52. Kh1 Qa1 53. b4 Qa3 54. b5 d3 55. Qxd3 Qc5 56. Qc4+
{Black resigns}
1-0

[Event "ICC tourney 1934 (60 10)"]
[Site "Internet Chess Club"]
[Date "2020.07.26"]
[Round "6"]
[White "happyscientist"]
[Black "pawnpush202044"]
[Result "1/2-1/2"]
[ICCResult "Game drawn by mutual agreement"]
[WhiteElo "1639"]
[BlackElo "1584"]
[Opening "Sicilian: Alapin's variation (2.c3)"]
[ECO "B22"]
[NIC "SI.46"]
[Time "14:03:00"]
[TimeControl "3600+10"]

1. e4 c5 2. c3 d5 3. exd5 Qxd5 4. Nf3 e6 5. d4 Nf6 6. Bd3 Be7 7. O-O O-O 8.
Bc2 Rd8 9. Be3 Nbd7 10. h3 b6 11. Re1 Bb7 12. Nbd2 Rac8 13. Nf1 Qc6 14. Qe2
cxd4 15. Bxd4 Nd5 16. Rad1 Nf4 17. Qe4 Qxe4 18. Bxe4 Bxe4 19. Rxe4 Nd5 20.
Ne3 N7f6 21. Nxd5 Nxd5 22. Re2 h6 23. a3 Bxa3 24. Ra1 Bd6 25. Rxa7 Ra8 26.
Rxa8 Rxa8 27. g3 b5 28. Be5 Be7 29. Bd4 Ra1+ 30. Kg2 Ra2 31. Ne5 Bf6 32. f4
Bxe5 33. Bxe5 f6 34. Bd4 Kf7 35. Kf3 g5 36. fxg5 hxg5 37. b3 Ra3 38. Rb2 e5
39. Bc5 Ra1 40. c4 bxc4 41. bxc4 {Game drawn by mutual agreement} 1/2-1/2

[Event "ICC tourney 1934 (60 10)"]
[Site "Internet Chess Club"]
[Date "2020.07.26"]
[Round "6"]
[White "erumaimadugod"]
[Black "PatrickChen"]
[Result "1-0"]
[ICCResult "Black resigns"]
[WhiteElo "1621"]
[BlackElo "1545"]
[Opening "Sicilian: closed"]
[ECO "B23"]
[NIC "SI.44"]
[Time "14:02:56"]
[TimeControl "3600+10"]

1. e4 c5 2. Nc3 e6 3. f4 d5 4. Nf3 Nf6 5. Bb5+ Nc6 6. e5 Nd7 7. d3 Be7 8.
Bxc6 bxc6 9. O-O O-O 10. Qe1 Ba6 11. Qg3 g6 12. b3 Bc8 13. Bb2 Re8 14. Rae1
Bf8 15. h4 h5 16. Qh3 f5 17. Qg3 Kg7 18. a4 a5 19. Ba3 Qb6 20. Kh1 Be7 21.
Ng5 Bxg5 22. Qxg5 Qd8 23. Qg3 Ba6 24. Rf3 Kh7 25. Qf2 Qb6 26. Qg3 Qd8 27.
Nd1 Kg7 28. Nf2 Kh7 29. Nh3 Kg7 30. Ng5 Rb8 31. Qf2 Qb6 32. Qd2 Ra8 33. Rb1
Rab8 34. c4 d4 35. Qd1 Nf8 36. Rg3 Nd7 37. Nh3 Rh8 38. Bc1 Qd8 39. Qe1 Qb6
40. Bd2 Qa7 41. Bxa5 Rb7 42. Ng5 Re8 43. Qd1 Rbb8 44. Qe1 Nf8 45. Nf3 Rb7
46. b4 cxb4 47. Bxb4 c5 48. Ba3 Reb8 49. Ra1 Rb3 50. Qa5 Rc8 51. Qd2 Rcb8
52. Qa5 Rc8 53. Nd2 Rb7 54. Rb1 Rxb1+ 55. Nxb1 Nd7 56. Nd2 Rb8 57. Nf3 Rb1+
58. Kh2 Qb6 59. Qxb6 Rxb6 60. Nd2 Bb7 61. a5 Rc6 62. Nb3 Kf7 63. Rf3 Rc8 64.
Rf1 Ba6 65. Rb1 Ke8 66. Nd2 Kd8 67. Nf3 Ke7 68. Nxd4 {Black resigns} 1-0

[Event "ICC tourney 1934 (60 10)"]
[Site "Internet Chess Club"]
[Date "2020.07.26"]
[Round "6"]
[White "SavageKey-456"]
[Black "rachael1120"]
[Result "0-1"]
[ICCResult "White resigns"]
[WhiteElo "1342"]
[BlackElo "1454"]
[Opening "Sicilian: Smith-Morra gambit"]
[ECO "B32"]
[NIC "SI.48"]
[Time "14:27:47"]
[TimeControl "3600+10"]

1. e4 c5 2. d4 cxd4 3. Nf3 Nc6 4. c3 dxc3 5. Nxc3 g6 6. Bc4 Bg7 7. Bg5 d6 8.
Qd2 Nf6 9. Bh6 O-O 10. Bxg7 Kxg7 11. O-O-O Bd7 12. Kb1 Rc8 13. h4 h5 14. Ng5
Ne5 15. Bb3 Nc4 16. Qe2 b5 17. f3 Qb6 18. Ka1 Na5 19. Bc2 Qc5 20. Bb1 b4 21.
Nd5 b3 22. a3 Nc4 23. Rc1 Nxd5 24. exd5 Qxd5 25. Be4 Qd4 26. Rhd1 Qe3 27.
Qf1 Ne5 28. Rxc8 Rxc8 29. f4 Ng4 30. Re1 Qc5 31. Bb1 Ne3 32. Rxe3 Qxe3
{White resigns}
0-1

[Event "ICC tourney 1934 (60 10)"]
[Site "Internet Chess Club"]
[Date "2020.07.26"]
[Round "6"]
[White "rkanury1"]
[Black "tricksterssbu"]
[Result "1/2-1/2"]
[ICCResult "Game drawn by mutual agreement"]
[WhiteElo "1286"]
[BlackElo "1479"]
[Opening "Giuoco Pianissimo"]
[ECO "C50"]
[NIC "IG.02"]
[Time "14:03:01"]
[TimeControl "3600+10"]

1. e4 e5 2. Nf3 Nc6 3. Bc4 Bc5 4. d3 Nf6 5. c3 a5 6. O-O d6 7. Bb3 O-O 8.
Nbd2 d5 9. exd5 Nxd5 10. Nxe5 Nxe5 11. d4 Bg4 12. Qc2 Bxd4 13. cxd4 Nc6 14.
Qd3 Bh5 15. Nf3 Bg6 16. Qc4 Nb6 17. Qc3 Qd6 18. a3 Rfe8 19. Rd1 h6 20. Be3
Rad8 21. d5 Ne7 22. Bc5 Qf4 23. d6 Nc6 24. Be3 Qg4 25. dxc7 Rxd1+ 26. Rxd1
Na8 27. Bd4 Nxc7 28. Bxg7 a4 29. Bxh6 Bh5 30. Bc2 Nb5 31. Qf6 Nbd4 32. Bh7+
Kxh7 33. Ng5+ Qxg5 34. Qxg5 Bg6 35. Qh4 Nf5 36. Qh3 Nxh6 37. Qd7
{Game drawn by mutual agreement}
1/2-1/2

[Event "ICC tourney 1934 (60 10)"]
[Site "Internet Chess Club"]
[Date "2020.07.26"]
[Round "6"]
[White "KyleZhuang"]
[Black "chessKingT"]
[Result "0-1"]
[ICCResult "White resigns"]
[WhiteElo "1326"]
[BlackElo "1413"]
[Opening "Sicilian"]
[ECO "B56"]
[NIC "SI.25"]
[Time "14:03:00"]
[TimeControl "3600+10"]

1. e4 c5 2. Nf3 d6 3. d4 cxd4 4. Nxd4 Nf6 5. Nc3 Nc6 6. Be3 Ng4 7. Bg5 h6 8.
Bh4 g5 9. Bg3 Bg7 10. Bb5 Qb6 11. Bxc6+ bxc6 12. Nb3 Bxc3+ 13. bxc3 h5 14.
h3 Ne3 15. Qd2 Nxg2+ 16. Kf1 Nh4 17. Bxh4 gxh4 18. Qd4 Ba6+ 19. Ke1 Rg8 20.
Qxb6 axb6 21. Nd4 Kd7 22. Nf5 Bc4 23. a3 Ra5 24. Nxh4 Re5 25. f3 d5 26. Kf2
dxe4 27. Rhe1 Rd5 28. Rad1 exf3 29. Nxf3 Rxd1 30. Rxd1+ Kc7 31. Re1 Ra8 32.
Rxe7+ Kd6 33. Re4 Bd5 34. Rd4 Kc5 35. a4 Rg8 36. Rh4 Bxf3 37. Kxf3 Rg5 38.
Rf4 Kd6 39. Rd4+ Kc7 40. h4 Rc5 41. Ke3 Rxc3+ 42. Kd2 Rh3 43. Ke2 Kb7 44.
Rf4 Ka6 45. Kd2 Ka5 46. c3 Rh2+ 47. Kd3 Ra2 48. Rf5+ Kxa4 49. Rxf7 Kb3 50.
Rb7 Ra6 51. Rh7 Ra5 52. Rb7 Rd5+ 53. Ke3 Rb5 54. Kd3 Rd5+ 55. Ke3 Kxc3 56.
Rxb6 c5 57. Rh6 c4 58. Ra6 Kb3 59. Rb6+ Kc2 60. Rc6 c3 61. Rb6 Rd3+ 62. Ke2
Rd4 63. Rf6 Rxh4 64. Rf1 Rh2+ 65. Ke3 Kb2 66. Rf7 c2 67. Rb7+ Kc1 68. Rb8 h4
69. Rb7 h3 70. Kf3 Rd2 71. Ke3 Kd1 {White resigns} 0-1

[Event "ICC tourney 1934 (60 10)"]
[Site "Internet Chess Club"]
[Date "2020.07.26"]
[Round "7"]
[White "EthanPowers"]
[Black "DanielA1926"]
[Result "0-1"]
[ICCResult "White resigns"]
[WhiteElo "1273"]
[BlackElo "1224"]
[Opening "Sicilian: Najdorf, Adams attack"]
[ECO "B90"]
[NIC "SI.14"]
[Time "17:00:50"]
[TimeControl "3600+10"]

1. e4 c5 2. Nf3 d6 3. d4 cxd4 4. Nxd4 Nf6 5. Nc3 a6 6. h3 e6 7. g4 b5 8. Bg2
Bb7 9. O-O b4 10. Nce2 Bxe4 {White resigns} 0-1

[Event "ICC tourney 1934 (60 10)"]
[Site "Internet Chess Club"]
[Date "2020.07.26"]
[Round "7"]
[White "anshulg"]
[Black "Ajitesh20091"]
[Result "0-1"]
[ICCResult "White resigns"]
[WhiteElo "1485"]
[BlackElo "1469"]
[Opening "Four knights: Rubinstein counter-gambit, exchange variation"]
[ECO "C48"]
[NIC "KP.03"]
[Time "17:01:13"]
[TimeControl "3600+10"]

1. e4 e5 2. Nf3 Nc6 3. Nc3 Nf6 4. Bb5 Nd4 5. Nxd4 exd4 6. e5 dxc3 7. exf6
Qxf6 8. dxc3 Qe5+ 9. Qe2 Qxe2+ 10. Bxe2 d5 11. Be3 Be6 12. O-O-O Be7 13.
Rhe1 c6 14. Bd3 b5 15. f4 g6 16. Bd4 O-O 17. Kb1 a5 18. f5 gxf5 19. Bxf5
Bxf5 20. Rxe7 Rae8 21. Rde1 Be4 22. Rxe8 Rxe8 23. Re3 Re6 24. Rg3+ Rg6 25.
Rxg6+ hxg6 26. g3 f5 27. b4 a4 28. a3 Kf7 29. Kc1 g5 30. Kd2 Kg6 31. Ke3 Kh5
32. c4 bxc4 33. Be5 Bxc2 34. Kd4 Kg4 35. Kc5 f4 36. gxf4 gxf4 37. Kxc6 f3
38. Bg3 c3 39. b5 Be4 40. b6 c2 41. b7 d4+ 42. Kb6 Bxb7 43. Kxb7 c1=Q
{White resigns}
0-1

[Event "ICC tourney 1934 (60 10)"]
[Site "Internet Chess Club"]
[Date "2020.07.26"]
[Round "7"]
[White "AboardBuffalo"]
[Black "imranchamp"]
[Result "0-1"]
[ICCResult "White checkmated"]
[WhiteElo "1552"]
[BlackElo "1514"]
[Opening "Sicilian: Pelikan (Lasker/Sveshnikov) variation"]
[ECO "B33"]
[NIC "SI.35"]
[Time "17:01:11"]
[TimeControl "3600+10"]

1. e4 c5 2. Nf3 Nc6 3. d4 cxd4 4. Nxd4 Nf6 5. Nc3 e5 6. Nb3 Bb4 7. Bd3 O-O
8. O-O Bxc3 9. bxc3 d5 10. exd5 Qxd5 11. Bb2 e4 12. c4 Qf5 13. Bxf6 exd3 14.
Bb2 dxc2 15. Qe2 Qg6 16. Rac1 Bf5 17. Nd4 Nxd4 18. Bxd4 Bd3 19. Qf3 Bxf1 20.
Kxf1 Rad8 21. Bxa7 Qa6 22. Be3 Qxc4+ 23. Qe2 Rd1+ 24. Rxd1 cxd1=R#
{White checkmated}
0-1

[Event "ICC tourney 1934 (60 10)"]
[Site "Internet Chess Club"]
[Date "2020.07.26"]
[Round "7"]
[White "Niteshc"]
[Black "TeeKay2020"]
[Result "0-1"]
[ICCResult "White checkmated"]
[WhiteElo "1394"]
[BlackElo "1481"]
[Opening "French: Steinitz, Boleslavsky variation"]
[ECO "C11"]
[NIC "FR.04"]
[Time "17:00:59"]
[TimeControl "3600+10"]

1. e4 e6 2. d4 d5 3. Nc3 Nf6 4. e5 Nfd7 5. f4 c5 6. Nf3 Nc6 7. Be3 a6 8. Be2
b5 9. a3 Bb7 10. O-O cxd4 11. Nxd4 Bc5 12. Kh1 O-O 13. Nxc6 Bxc6 14. Bxc5
Nxc5 15. b4 Ne4 16. Nxe4 dxe4 17. Qe1 Qc7 18. Qg3 Bd5 19. Rfc1 Rac8 20. h4
h6 21. Qf2 Qc3 22. Kh2 e3 23. Qf1 Qd2 24. Bd3 Bc4 25. Rd1 Bxd3 26. Qxd3 Qxd3
27. cxd3 Rfd8 28. Kg3 Rc3 29. Kf3 Rcxd3 30. Ke2 Rd2+ 31. Ke1 Kh7 32. Rxd2
Rxd2 33. Rd1 Rxd1+ 34. Kxd1 Kg6 35. g4 h5 36. gxh5+ Kf5 37. Ke2 Kxf4 38. Kf1
Kxe5 39. Ke2 Ke4 40. Kf1 Kd3 41. Ke1 e2 42. h6 gxh6 43. h5 f5 44. a4 f4 45.
a5 f3 46. Kf2 Kd2 47. Kxf3 e1=Q 48. Kg2 Qe3 49. Kh2 Qf3 50. Kg1 Qe2 51. Kh1
Ke3 52. Kg1 Kf3 53. Kh1 Qg2# {White checkmated} 0-1

[Event "ICC tourney 1934 (60 10)"]
[Site "Internet Chess Club"]
[Date "2020.07.26"]
[Round "7"]
[White "dabpacman"]
[Black "sillytiger"]
[Result "0-1"]
[ICCResult "White resigns"]
[WhiteElo "1220"]
[BlackElo "1256"]
[Opening "Sicilian: closed"]
[ECO "B23"]
[NIC "SI.44"]
[Time "17:01:03"]
[TimeControl "3600+10"]

1. e4 c5 2. Nc3 d6 3. f4 Nf6 4. Nf3 Nbd7 5. Bc4 e6 6. d3 a6 7. a4 Be7 8. O-O
b6 9. Qe1 Bb7 10. Bd2 d5 11. Ba2 O-O 12. h3 Bc6 13. Bb3 b5 14. axb5 axb5 15.
g4 Qb6 16. Qf2 dxe4 17. dxe4 Nxe4 18. Nxe4 Bxe4 19. Be3 Qc7 20. Nd2 Bb7 21.
f5 Qc6 22. Kh2 Bd6+ 23. Bf4 Bxf4+ {White resigns} 0-1

[Event "ICC tourney 1934 (60 10)"]
[Site "Internet Chess Club"]
[Date "2020.07.26"]
[Round "7"]
[White "karuto2006"]
[Black "krishghosh"]
[Result "1/2-1/2"]
[ICCResult "Game drawn by mutual agreement"]
[WhiteElo "1388"]
[BlackElo "1401"]
[Opening "Ruy Lopez: Cozio defense"]
[ECO "C60"]
[NIC "RL.04"]
[Time "17:00:51"]
[TimeControl "3600+10"]

1. e4 e5 2. Nf3 Nc6 3. Bb5 Nge7 4. O-O d6 5. d4 a6 6. Ba4 b5 7. Bb3 Bg4 8.
Be3 Nxd4 9. Bxd4 exd4 10. h3 Be6 11. Bxe6 fxe6 12. Nxd4 Qd7 13. f4 g6 14.
Nd2 Bg7 15. N2f3 O-O 16. Ng5 Bxd4+ 17. Qxd4 h6 18. Nf3 Rxf4 19. Ne5 Rxf1+
20. Rxf1 Nc6 21. Nxc6 Qxc6 22. Qf6 Qe8 23. e5 d5 24. Qh4 Kh7 25. Rf6 a5 26.
Qg4 Ra6 27. Qf3 Kg7 28. Qc3 Qe7 29. Qd3 Qe8 30. h4 c5 31. a4 c4 32. Qg3 bxa4
33. h5 g5 34. Rg6+ Kh7 35. Qf2 Qe7 36. Rf6 Ra7 37. Rxe6 Qxe6 38. Qxa7+ Kg8
39. Qb8+ Kf7 40. Qc7+ Qe7 41. Qb6 Qxe5 42. Qg6+ Ke7 43. Qxh6 Qe1+ 44. Kh2
Qh4+ {Game drawn by mutual agreement} 1/2-1/2

[Event "ICC tourney 1934 (60 10)"]
[Site "Internet Chess Club"]
[Date "2020.07.26"]
[Round "7"]
[White "tricksterssbu"]
[Black "combusken1123"]
[Result "1-0"]
[ICCResult "Black resigns"]
[WhiteElo "1521"]
[BlackElo "1482"]
[Opening "Sicilian: Pelikan (Lasker/Sveshnikov) variation"]
[ECO "B33"]
[NIC "SI.35"]
[Time "17:00:48"]
[TimeControl "3600+10"]

1. e4 c5 2. Nf3 Nc6 3. d4 cxd4 4. Nxd4 Nf6 5. Nc3 e5 6. Ndb5 d6 7. f3 a6 8.
Na3 b5 9. Nd5 Nxd5 10. Qxd5 Qc7 11. Be3 Be6 12. Qd2 Be7 13. Be2 Rd8 14. O-O
d5 15. exd5 Rxd5 16. Qe1 O-O 17. Qg3 Bc5 18. Bxc5 Rxc5 19. c3 Qb6 20. Qf2 b4
21. cxb4 Nxb4 22. b3 Qc6 23. Nc4 Bxc4 24. Bxc4 Rc8 25. Rfd1 Nd5 26. Rd2 Nf6
27. Rad1 g6 28. Rd6 Rxc4 29. bxc4 Qxd6 30. Rxd6 Rxc4 31. Rxf6 Rc1+ 32. Qf1
Rxf1+ 33. Kxf1 Kg7 34. Rxa6 {Black resigns} 1-0

[Event "ICC tourney 1934 (60 10)"]
[Site "Internet Chess Club"]
[Date "2020.07.26"]
[Round "7"]
[White "CoastalJourney"]
[Black "sushivishwa"]
[Result "0-1"]
[ICCResult "White checkmated"]
[WhiteElo "1298"]
[BlackElo "1427"]
[Opening "Nimzo-Indian: classical, Milner-Barry (Zurich) variation"]
[ECO "E33"]
[NIC "NI.24"]
[Time "17:00:50"]
[TimeControl "3600+10"]

1. d4 Nf6 2. c4 e6 3. Nc3 Bb4 4. Qc2 Nc6 5. Nf3 d6 6. Bg5 Qe7 7. e3 h6 8.
Bxf6 Qxf6 9. a3 Bxc3+ 10. Qxc3 O-O 11. Be2 e5 12. dxe5 dxe5 13. O-O Bg4 14.
h3 Bh5 15. Rfe1 Rae8 16. Rad1 Re7 17. Nd2 Bxe2 18. Rxe2 Qg6 19. Ree1 f5 20.
Nf3 e4 21. Nd4 Ne5 22. Kh2 Nd3 23. Rf1 f4 24. Qb3 c5 25. Nc2 f3 26. g3 h5
27. Ne1 Ne5 28. Rd5 h4 29. g4 b6 30. Qc3 Qe6 31. Nc2 Rf6 32. b4 Rg6 33. bxc5
Nxg4+ 34. hxg4 Qxg4 35. Ne1 h3 36. Re5 Rf7 37. Re8+ Kh7 38. Qe5 Rf5 39. Qg3
Qh5 40. Qxh3 Qxh3+ 41. Kxh3 Rh5# {White checkmated} 0-1

[Event "ICC tourney 1934 (60 10)"]
[Site "Internet Chess Club"]
[Date "2020.07.26"]
[Round "7"]
[White "rachael1120"]
[Black "AkshatSuresh"]
[Result "1-0"]
[ICCResult "Black checkmated"]
[WhiteElo "1470"]
[BlackElo "1514"]
[Opening "Sicilian: Taimanov variation"]
[ECO "B46"]
[NIC "SI.41"]
[Time "17:00:48"]
[TimeControl "3600+10"]

1. e4 c5 2. Nf3 e6 3. d4 cxd4 4. Nxd4 a6 5. Nc3 Nc6 6. Bc4 Qc7 7. Bb3 Nf6 8.
Be3 Be7 9. O-O O-O 10. f4 d6 11. Qe1 Bd7 12. Qg3 Rac8 13. f5 Nxd4 14. Bxd4
e5 15. Be3 Rfe8 16. Bh6 Bf8 17. Nd5 Nxd5 18. Bxd5 Bc6 19. f6 g6 20. Qh4 Kh8
21. Bg7+ Bxg7 22. fxg7+ Kg8 23. Bxf7+ Kxg7 24. Qf6+ Kh6 25. Rf3 Bd7 26. Rg3
Rg8 27. Bxg8 Rxg8 28. Qg5+ Kg7 29. Qe7+ Kh6 30. Rh3+ Bxh3 31. Qxc7 Be6 32.
Qxd6 Bc4 33. b3 Bb5 34. c4 Bc6 35. Re1 a5 36. Qf6 a4 37. Re3 Bd7 38. Qh4+
Kg7 39. Qe7+ Kh8 40. Qxd7 axb3 41. axb3 b5 42. Rh3 h5 43. Rf3 g5 44. Rf7 Rf8
45. Rh7+ Kg8 46. Qg7# {Black checkmated} 1-0

[Event "ICC tourney 1934 (60 10)"]
[Site "Internet Chess Club"]
[Date "2020.07.26"]
[Round "7"]
[White "fascimate"]
[Black "peekaboopenguin"]
[Result "0-1"]
[ICCResult "White checkmated"]
[WhiteElo "1421"]
[BlackElo "1313"]
[Opening "Sicilian: Kan, 5.Bd3"]
[ECO "B42"]
[NIC "SI.42"]
[Time "17:00:54"]
[TimeControl "3600+10"]

1. e4 c5 2. Nf3 e6 3. d4 cxd4 4. Nxd4 a6 5. Bd3 Nf6 6. Nc3 Qc7 7. O-O g6 8.
Bg5 Bg7 9. Qf3 Qe5 10. Bxf6 Qxf6 11. Qxf6 Bxf6 12. Nde2 Nc6 13. Bc4 O-O 14.
Rad1 b5 15. Bb3 Na5 16. f4 Rd8 17. e5 Be7 18. Ne4 Bb7 19. N2g3 Nxb3 20. cxb3
Rac8 21. Rc1 Rxc1 22. Rxc1 Rc8 23. Rxc8+ Bxc8 24. Nd6 Bxd6 25. exd6 Bb7 26.
b4 Bd5 27. a3 f6 28. Kf2 Kf7 29. Ne2 e5 30. Nc3 Ke6 31. a4 Bc6 32. fxe5 fxe5
33. b3 Kxd6 34. g3 Ke6 35. Ke3 d5 36. axb5 d4+ 37. Kd3 Bxb5+ 38. Nxb5 axb5
39. Ke4 Kd6 40. g4 Ke6 41. g5 Kd6 42. h3 Ke6 43. h4 Kd6 44. Kf3 Kd5 45. Ke2
Ke4 46. Kd2 d3 47. Kd1 Ke3 48. Ke1 d2+ 49. Kd1 e4 50. h5 gxh5 51. g6 hxg6
52. Kc2 Ke2 53. Kc3 d1=Q 54. Kb2 Kd2 55. Ka2 Qc2+ 56. Ka1 Qc3+ 57. Ka2 e3
58. Kb1 e2 59. Ka2 Qc2+ 60. Ka3 Qxb3+ 61. Kxb3 e1=Q 62. Ka2 Kc2 63. Ka3 Qa1#
{White checkmated}
0-1

[Event "ICC tourney 1934 (60 10)"]
[Site "Internet Chess Club"]
[Date "2020.07.26"]
[Round "7"]
[White "chessmaster0981"]
[Black "hankmd"]
[Result "0-1"]
[ICCResult "White checkmated"]
[WhiteElo "1342"]
[BlackElo "1568"]
[Opening "Queen's pawn, Mason variation"]
[ECO "D00"]
[NIC "QP.08"]
[Time "17:00:58"]
[TimeControl "3600+10"]

1. d4 d5 2. Bf4 Bf5 3. e3 Nf6 4. Nf3 e6 5. c3 Bd6 6. Bg3 O-O 7. Bd3 Bg6 8.
Bxg6 hxg6 9. Nbd2 b6 10. Ne5 c5 11. Qf3 cxd4 12. exd4 b5 13. Bh4 b4 14. Bg5
bxc3 15. bxc3 Be7 16. h4 Nh7 17. Bxe7 Qxe7 18. h5 g5 19. h6 g6 20. Rb1 Qc7
21. Ng4 Nd7 22. Nb3 Qf4 23. Qxf4 gxf4 24. f3 f5 25. Nf2 g5 26. Nd3 Rac8 27.
Nbc5 Nxc5 28. Nxc5 e5 29. Ke2 exd4 30. cxd4 Rfe8+ 31. Kd2 Re7 32. Rhe1 Rce8
33. Rxe7 Rxe7 34. Rb8+ Kf7 35. Rb7 Rxb7 36. Nxb7 Kg6 37. Nd6 g4 38. Nc8 a6
39. Ne7+ Kxh6 40. Nxd5 Kg5 41. Nb4 a5 42. Nc6 a4 43. Ne5 Kh4 44. Ke2 Kg3 45.
Kf1 Nf6 46. Nf7 Nd5 47. Nh6 Ne3+ 48. Kg1 gxf3 49. gxf3 Kxf3 50. Nf7 Ke4 51.
Ng5+ Kxd4 52. Ne6+ Ke5 53. Ng5 a3 54. Nf3+ Ke4 55. Nd2+ Kd3 56. Nb1 Ke2 57.
Nxa3 f3 58. Nb1 f2+ 59. Kh2 f1=Q 60. Kg3 Qg2+ 61. Kf4 Qe4+ 62. Kg5 Qg4+ 63.
Kf6 Nd5+ 64. Kf7 f4 65. Ke8 Qe6+ 66. Kd8 Qd6+ 67. Kc8 Qc7# {White
checkmated} 0-1

[Event "ICC tourney 1934 (60 10)"]
[Site "Internet Chess Club"]
[Date "2020.07.26"]
[Round "7"]
[White "StevChess01"]
[Black "kwen2008"]
[Result "1-0"]
[ICCResult "Black resigns"]
[WhiteElo "1361"]
[BlackElo "1635"]
[Opening "Grünfeld: Stockholm variation"]
[ECO "D80"]
[NIC "GI.03"]
[Time "17:00:46"]
[TimeControl "3600+10"]

1. d4 Nf6 2. c4 g6 3. Nc3 d5 4. Bg5 c6 5. Bxf6 exf6 6. cxd5 cxd5 7. e3 Bg7
8. Qb3 O-O 9. Qxd5 Nc6 10. Qxd8 Rxd8 11. a3 b6 12. Nf3 Bb7 13. Be2 f5 14.
O-O f4 15. exf4 Nxd4 16. Nxd4 Bxd4 17. Rfd1 a6 18. Rac1 b5 19. Kf1 Rac8 20.
Rc2 Be4 21. Rcd2 Bxg2+ 22. Kxg2 Bf6 23. Rxd8+ Rxd8 24. Rxd8+ Bxd8 25. Nd5 g5
26. fxg5 Bxg5 27. f4 Bd8 28. Kf3 Kg7 29. Ke4 Ba5 30. Nb4 Bb6 31. Nxa6 Bg1
32. h3 Kg6 33. Bxb5 f5+ 34. Kf3 Bd4 35. b3 Bb2 36. a4 Bc3 37. Nc7 Ba5 38.
Nd5 Bd8 39. Bd3 Ba5 40. Ne7+ Kf6 41. Nxf5 h5 42. Ng3 h4 43. Nf5 Be1 44. Kg4
Bf2 45. Nxh4 {Black resigns} 1-0

[Event "ICC tourney 1934 (60 10)"]
[Site "Internet Chess Club"]
[Date "2020.07.26"]
[Round "7"]
[White "Roger436"]
[Black "ozturkms77"]
[Result "1-0"]
[ICCResult "Black resigns"]
[WhiteElo "1332"]
[BlackElo "1313"]
[Opening "Scotch game"]
[ECO "C45"]
[NIC "SO.05"]
[Time "17:01:01"]
[TimeControl "3600+10"]

1. e4 Nc6 2. d4 e5 3. Nf3 exd4 4. Nxd4 Bc5 5. Be3 Bxd4 6. Bxd4 Nf6 7. Nc3 d6
8. f3 O-O 9. Bc4 Be6 10. Bb3 Nh5 11. Be3 Qh4+ 12. Bf2 Qg5 13. Rg1 Nf4 14. g3
Nh3 15. Rf1 Nxf2 16. Rxf2 Bxb3 17. axb3 Rae8 18. f4 Qc5 19. Qd2 f5 20. O-O-O
fxe4 21. Re2 e3 22. Qd5+ Rf7 23. Qxc5 dxc5 24. Nd5 Nb4 25. Rxe3 Na2+ 26. Kb1
Rxe3 27. Nxe3 Nb4 28. Rd8+ Rf8 29. Rxf8+ Kxf8 30. c3 Nc6 31. Nd5 Ne7 32.
Nxc7 a6 33. Ne6+ Kf7 34. Nxc5 Nf5 35. Nxb7 Ne3 36. h3 Nf1 37. g4 Ne3 38. Kc1
Ng2 39. f5 Nf4 40. h4 Ng2 41. Nd6+ Ke7 42. Ne4 Nxh4 43. Kd2 Nf3+ 44. Ke3 Ne5
45. Nf2 h6 46. Kd4 Nc6+ 47. Kd5 Kd7 48. Ne4 Ne7+ 49. Kc5 Kc7 50. b4 Nc6 51.
b5 axb5 52. Kxb5 Ne5 53. Nf2 Kd6 54. c4 Kc7 55. b4 Nf3 56. Kc5 Nd2 57. Kd5
Nf1 58. Ke6 Ne3 59. c5 Nc2 60. b5 Nd4+ 61. Kf7 Nxb5 62. Kxg7 Kc6 63. f6 Nc7
64. Kxh6 Kxc5 65. g5 Kd6 66. g6 Ke6 67. g7 Ne8 68. g8=Q+ {Black resigns} 1-0